 Dungeon Crawl Stone Soup version 0.28-a0-245-g639a1a48b9 (webtiles) character file.

Game seed: 2508675786168237879

45854 freelancePsychic the Ripper (level 14, -6/72 HPs)
             Began as a Felid Berserker on Aug 24, 2021.
             Was a High Priest of Trog.
             Mangled by a harpy (10 damage)
             ... on level 1 of the Shoals.
             The game lasted 01:01:33 (30575 turns).

freelancePsychic the Ripper (Felid Berserker)      Turns: 30575, Time: 01:01:34

Health: -6/72      AC:  3    Str: 19    XL:     14   Next: 2%
Magic:  15/15      EV: 34    Int:  9    God:    Trog [*****.]
Gold:   1982       SH:  0    Dex: 20    Spells: 13/13 levels left
                                        Lives:  0   Deaths: 4

rFire   + . .      SeeInvis +     - Unarmed
rCold   + + +      Faith    +   (shield unavailable)
rNeg    . . .      Spirit   .   (armour unavailable)
rPois   .          Reflect  .   (helmet unavailable)
rElec   .          Harm     .   (cloak unavailable)
rCorr   +          Rampage  .   (gloves unavailable)
Will    ++++.                   (boots unavailable)
Stlth   ++++++....              F - amulet of faith
HPRegen 1.22/turn               q - ring "Roemaoke" {rF+ rC++ rCorr Str+6}
MPRegen 0.14/turn               B - +4 ring of evasion

@: marked, strong-willed, regenerating, quick
A: very small, claws 1, fangs 3, see invisible, speed 1, shaggy fur 3, stealthy
paws, no weapons or thrown items, no armour, multi-lived
a: Renounce Religion, Berserk, Trog's Hand, Brothers in Arms


You were on level 1 of the Shoals.
You worshipped Trog.
Trog was extremely pleased with you.
You visited 5 branches of the dungeon, and saw 25 of its levels.

You collected 2329 gold pieces.
You spent 347 gold pieces at shops.

Inventory:

Jewellery
 q - the ring "Roemaoke" (left paw) {rF+ rC++ rCorr Str+6}
   (You acquired it on level 8 of the Dungeon)

   [ring of strength]

   Str:       It affects your strength (+6).
   rF:        It protects you from fire.
   rC:        It greatly protects you from cold.
   rCorr:     It protects you from acid and corrosion.
 y - the ring of the Twisting Saviour {Ice Int+4}
   (You found it on level 10 of the Dungeon)

   [ring of ice]

   It enhances your ice magic.
   Int:       It affects your intelligence (+4).
   rF:        It makes you vulnerable to fire.
   rC:        It protects you from cold.
 B - a +4 ring of evasion (right paw)
 C - the ring "Paoli" {Fly rC+ rCorr Int-4}
   (You found it on level 1 of the Lair of Beasts)

   [ring of protection from cold]

   Int:       It affects your intelligence (-4).
   rC:        It protects you from cold.
   Fly:       It grants you flight.
   rCorr:     It protects you from acid and corrosion.
 D - a ring of willpower
 E - a ring of flight
 F - an amulet of faith (around neck)
 J - a ring of ice
Wands
 f - a wand of paralysis (1)
 k - a wand of acid (9)
 s - a wand of flame (51)
 v - a wand of digging (6)
 A - a wand of iceblast (13)
 G - a wand of polymorph (9)
Scrolls
 a - a scroll of summoning
 o - a scroll of holy word
 p - 6 scrolls of teleportation {@r4}
 t - 2 scrolls of fog
 x - a scroll of vulnerability
Potions
 b - 3 potions of attraction
 c - 11 potions of ambrosia
 d - a potion of resistance
 e - 4 potions of lignification
 g - 2 potions of magic
 h - a potion of berserk rage
 i - 3 potions of haste {unknown}
 j - 2 potions of mutation {unknown}
 l - 5 potions of curing {unknown}
 m - 3 potions of flight {unknown}
 n - 4 potions of heal wounds {@q2}
 r - a potion of brilliance {unknown}
 u - a potion of might {unknown}
 z - a potion of invisibility {unknown}
 L - a potion of cancellation
Miscellaneous
 K - a box of beasts


   Skills:
 - Level 14.1 Fighting
 - Level 15.0 Dodging
 + Level 13.6 Stealth
 + Level 15.5 Unarmed Combat
 + Level 10.1 Evocations


You had 13 spell levels left.
You didn't know any spells.
Your spell library was empty.

Dungeon Overview and Level Annotations

Branches:
Dungeon (15/15)            Temple (1/1) D:5            Lair (6/6) D:8
 Shoals (1/4) Lair:3       Spider (0/4) Lair:2        Slime (0/5) Lair:6
    Orc (2/2) D:10            Elf (0/3) Orc:2        Vaults (0/5) D:14
 Depths (0/5) D:15

Altars:
Ashenzari
Dithmenos
Elyvilon
Fedhas
Gozag
Hepliaklqana
Makhleb
Qazlal
Uskayaw
Vehumet
Wu Jian
Xom
Yredelemnul
The Shining One
Beogh
Jiyva

Shops:
D:9 [   Orc:2 (*(:   Shoals:1 *

Portals:
Hell: Lair:6

Annotations:
D:2 1 runed translucent door, Crazy Yiuf, Sigmund
D:5 4 runed translucent doors, exclusions: orc, orc priest, shadow and 1 more exclusion
D:14 4 runed translucent doors
Lair:5 Rupert


Innate Abilities, Weirdness & Mutations

You have sharp claws.
You have razor-sharp teeth.
You have supernaturally acute eyesight. (SInv)
You cover ground quickly. (Speed+)
Your thick and shaggy fur keeps you warm. (AC +3, rC+)
Your paws help you pounce on unaware monsters.
You are incapable of wielding weapons or throwing items.
You cannot wear armour.
You gain extra lives every three experience levels.


Message History

The harpy closely misses you. The harpy completely misses you.
Your skin crawls.
You feel strong-willed.
A harpy comes into view.
The harpy claws you! The harpy completely misses you.
The harpy closely misses you. The harpy completely misses you.
The harpy misses you. The harpy completely misses you. The harpy misses you.
The harpy claws you.
* * * LOW HITPOINT WARNING * * *
A harpy comes into view.
The harpy closely misses you. The harpy barely misses you.
The harpy completely misses you. x5; The harpy claws you.
* * * LOW HITPOINT WARNING * * *
The harpy closely misses you. The harpy completely misses you.
The harpy claws you.
* * * LOW HITPOINT WARNING * * *
The harpy closely misses you. The harpy misses you. x2
The harpy completely misses you. x2
A harpy comes into view.
The harpy completely misses you. The harpy claws you.
* * * LOW HITPOINT WARNING * * *
There is a stone staircase leading down, spattered with blood here.
Blink to where?
Press: ? - help, Dir - move target A merfolk, a merfolk avatar and a merfolk impaler come into view.
As you read the scroll of blinking, it crumbles to dust.
A sea snake comes into view.
The merfolk avatar chants a haunting song.
You resist with almost no effort.
A merfolk comes into view. It is wielding a +0 glaive.
The harpy claws you!
* * * LOW HITPOINT WARNING * * *
The harpy closely misses you.
The merfolk avatar chants a haunting song.
You resist with almost no effort.
Blink to where?
Press: ? - help, Dir - move target
As you read the scroll of blinking, it crumbles to dust.
The harpy completely misses you. The harpy claws you!
You die...

≈≈≈≈≈...####..............
≈≈≈≈≈≈)...##.....^..(.....
≈≈≈≈≈≈...###.......:).....
≈≈≈≈≈≈....##..............
≈≈≈≈≈≈...........H........
≈≈≈≈≈≈≈≈............HH....
≈≈≈≈≈≈≈≈........H....S.H..
≈≈≈≈≈≈≈≈.####H.H####..###.
≈≈≈≈≈≈≈..@###....##.### ##
≈≈≈≈≈≈≈≈≈.H.HH.≈≈≈.# ≈
≈≈≈.≈≈≈≈HH...≈≈..## ≈≈
≈≈≈.....H..≈≈≈≈≈.# ≈≈≈
≈≈..m.m.§...m≈≈≈## ≈≈≈
.....#####.>S≈≈≈# $....
##....≈# ... ##.#.m.#
###.≈.#


You could see a merfolk avatar, a merfolk impaler, a sea snake, 2 merfolk and 6
harpies.

Vanquished Creatures
  A frost giant (D:15)
  An orc warlord (D:11)
  A stone giant (D:11)
  Fannar (D:11)
  6 hydras
  A centaur warrior (D:11)
  A boulder beetle (D:12)
  An ogre mage (D:15)
  A catoblepas (Lair:4)
  2 dancing weapons (D:14)
  2 tengu warriors (D:15)
  6 two-headed ogres
  3 orc high priests (Orc:2)
  A phantasmal warrior (D:11)
  A wizard (Lair:6)
  5 orc knights
  A lindwurm (Lair:5)
  2 deep elf pyromancers
  An orb spider (Lair:2)
  13 ugly things
  A faun (Shoals:1)
  3 cyclopes
  3 orc sorcerers (Orc:2)
  2 manticores
  3 black mambas
  A merfolk siren (Shoals:1)
  8 elephants
  2 torpor snails (Lair:6)
  10 cane toads
  A gargoyle (D:12)
  9 komodo dragons
  3 rime drakes
  6 kobold demonologists
  A yaktaur (D:11)
  Psyche (D:10)
  A tengu conjurer (D:11)
  A hellwing (Lair:6)
  A queen bee (D:9)
  3 ice devils (Lair:6)
  A red devil (Lair:6)
  6 polar bears
  3 meliai (D:14)
  3 trolls
  A hornet (D:11)
  5 slime creatures (D:12)
  8 blink frogs
  5 dream sheep (Lair:6)
  2 snapping turtles
  2 shadows
  54 yaks
  2 basilisks
  A vampire (D:10)
  A wraith (D:14)
  5 wyverns
  9 vampire mosquitoes
  4 wargs
  16 water moccasins
  An acid dragon (D:12)
  2 hell hounds (Lair:6)
  2 ice beasts
  26 orc warriors
  7 black bears
  A boggart (D:12)
  3 centaurs
  4 ogres
  11 wolves
  A phantom (D:5)
  7 bullfrogs
  A scorpion (Lair:4)
  27 killer bees
  A wight (D:5)
  An electric eel (D:9)
  8 howler monkeys
  6 centaur zombies
  5 hounds
  2 bullfrog zombies
  15 orc priests
  Jessica (D:2)
  3 bullfrog skeletons
  6 iguanas
  21 orc wizards
  2 hell rats (Lair:2)
  A howler monkey zombie (D:9)
  5 adders
  12 river rats (Lair:2)
  2 shadow imps
  13 white imps
  2 adder skeletons (D:5)
  A worm (D:5)
  3 dart slugs
  77 orcs
  4 endoplasms
  A giant cockroach (D:1)
  8 goblins
  11 hobgoblins
  3 jackals (D:2)
  4 quokkas
  5 ball pythons
  A bat (D:2)
  5 frilled lizards
  A jackal skeleton (D:4)
  5 kobolds
  7 rats
574 creatures vanquished.

Vanquished Creatures (collateral kills)
  An orc warlord (Orc:2)
  A frost giant (D:11)
  3 hydras
  A two-headed ogre (D:14)
  A centaur warrior (D:15)
  A sun demon (Lair:6)
  An orc knight (Orc:2)
  5 ugly things (D:15)
  A manticore (D:11)
  2 elephants (Lair:6)
  2 cyclopes
  A torpor snail (Lair:2)
  2 orange demons (Lair:6)
  2 komodo dragons (Lair:5)
  2 yaks (Lair:2)
  A water moccasin (Lair:6)
  2 hell hounds (Lair:6)
  An orc warrior (D:11)
  5 wolves (Lair:6)
  A bullfrog (Lair:2)
  An orc wizard (Orc:2)
  An orc (Orc:2)
38 creatures vanquished.

Vanquished Creatures (others)
  An orc priest (Orc:2)
  2 orc wizards (Orc:2)
  41 fungi
  71 plants
115 creatures vanquished.

Grand Total: 727 creatures vanquished

Notes
Turn   | Place    | Note
-------+----------+-------------------------------------------
     0 | D:1      | freelancePsychic the Felid Berserker began the quest for
                  | the Orb.
     0 | D:1      | Reached XP level 1. HP: 10/10 MP: 2/2
   523 | D:1      | Reached XP level 2. HP: 14/14 MP: 3/3
   823 | D:1      | Reached skill level 1 in Stealth
  1255 | D:2      | Reached XP level 3. HP: 15/17 MP: 4/4
  1364 | D:2      | Found a runed translucent door.
  1365 | D:2      | Noticed Crazy Yiuf
  1677 | D:2      | Reached ** piety under Trog
  1821 | D:2      | Noticed Jessica
  1873 | D:2      | Killed Jessica
  1874 | D:2      | Reached XP level 4. HP: 21/21 MP: 5/5
  1881 | D:2      | Noticed Sigmund
  1975 | D:3      | Found a broken altar of Ashenzari.
  2844 | D:4      | Reached XP level 5. HP: 25/25 MP: 6/6
  3303 | D:4      | Reached skill level 5 in Unarmed Combat
  3303 | D:4      | Gained mutation: You are covered in thick fur. (AC +2)
                  | [Felid growth]
  3303 | D:4      | Reached XP level 6. HP: 29/29 MP: 7/7
  3674 | D:4      | Found a stormy altar of Qazlal.
  4063 | D:5      | Entered Level 5 of the Dungeon
  4138 | D:5      | Found a staircase to the Ecumenical Temple.
  4157 | Temple   | Entered the Ecumenical Temple
  4295 | D:5      | Found a large runed translucent door.
  4295 | D:5      | Found a large runed translucent door.
  4298 | D:5      | Noticed a vampire
  4304 | D:5      | Found a large runed translucent door.
  4304 | D:5      | Found a large runed translucent door.
  4318 | D:5      | Reached skill level 1 in Evocations
  4659 | D:5      | Reached skill level 5 in Stealth
  4721 | D:5      | Identified the +9 plate armour of Abstinence {Str+2 Int+4}
  4734 | D:5      | Found a radiant altar of Vehumet.
  4781 | D:5      | Noticed an ice beast
  4785 | D:5      | Reached XP level 7. HP: 33/33 MP: 8/8
  4790 | D:5      | Reached skill level 5 in Fighting
  5164 | D:5      | Noticed a shadow
  5811 | D:5      | Killed a shadow
  5812 | D:5      | Reached skill level 5 in Dodging
  5812 | D:5      | Reached XP level 8. HP: 38/38 MP: 9/9
  5962 | D:6      | Reached *** piety under Trog
  6619 | D:6      | Reached skill level 5 in Evocations
  6629 | D:6      | Reached XP level 9. HP: 32/42 MP: 10/10
  7019 | D:7      | Found a blossoming altar of Fedhas.
  7615 | D:7      | Identified the +3 leather armour of Time Monsters {rElec
                  | Int+5 Slay-4 Stlth+}
  8371 | D:7      | Found a hazy altar of Hepliaklqana.
  8570 | D:8      | Found a burning altar of Makhleb.
  8575 | D:8      | Identified a scroll of acquirement
  8575 | D:8      | Acquired the ring "Roemaoke" {rF+ rC++ rCorr Str+6}
  8739 | D:8      | Found a staircase to the Lair.
  8740 | D:8      | Noticed a komodo dragon
  8762 | D:8      | Killed a komodo dragon
  9107 | D:8      | Found a basalt altar of Yredelemnul.
  9610 | D:9      | Found a hide-covered altar of Uskayaw.
  9701 | D:9      | Reached XP level 10. HP: 45/48 MP: 11/11
  9873 | D:9      | Found an opulent altar of Gozag.
  9988 | D:9      | Reached **** piety under Trog
 10001 | D:9      | Reached skill level 10 in Dodging
 10314 | D:9      | Found an ornate altar of the Wu Jian Council.
 10316 | D:9      | Found a shadowy altar of Dithmenos.
 10316 | D:9      | Found a shadowy altar of Dithmenos.
 10318 | D:9      | Found a white marble altar of Elyvilon.
 10318 | D:9      | Found a glowing golden altar of the Shining One.
 10318 | D:9      | Found a shimmering altar of Xom.
 10411 | D:9      | Found Curchin's Armour Shop.
 10560 | D:10     | Entered Level 10 of the Dungeon
 10564 | D:10     | Found an ornate altar of the Wu Jian Council.
 10631 | D:10     | Reached skill level 10 in Unarmed Combat
 10900 | D:10     | Identified the ring of the Twisting Saviour {Ice Int+4}
 11062 | D:10     | Reached skill level 10 in Fighting
 11066 | D:10     | Reached XP level 11. HP: 53/54 MP: 12/12
 11169 | D:10     | Found a staircase to the Orcish Mines.
 11197 | D:10     | Noticed Psyche
 11200 | D:10     | Killed Psyche
 11424 | Lair:1   | Entered Level 1 of the Lair of Beasts
 11551 | Lair:1   | Slain by a rime drake
 11552 | Lair:1   | Reached XP level 10. HP: -1/51 MP: 11/11
 11816 | Lair:1   | Identified the ring "Paoli" {Fly rC+ rCorr Int-4}
 12098 | Lair:1   | Noticed a black mamba
 12101 | Lair:1   | Killed a black mamba
 12363 | Lair:1   | Slain by a polar bear
 12364 | Lair:1   | Reached XP level 9. HP: -2/47 MP: 10/10
 12386 | Lair:1   | Killed a polar bear
 12649 | Lair:2   | Reached XP level 10. HP: 37/49 MP: 11/11
 12824 | Lair:2   | Reached skill level 10 in Stealth
 13013 | Lair:2   | You are sucked into a shaft and drop 1 floor!
 13566 | Lair:2   | Noticed a cane toad
 13573 | Lair:2   | Killed a cane toad
 14153 | Lair:2   | Found a hole to the Spider Nest.
 14153 | Lair:2   | Noticed an orb spider
 14156 | Lair:2   | Killed an orb spider
 14156 | Lair:2   | Reached ***** piety under Trog
 14214 | Lair:2   | Noticed a torpor snail
 14223 | Lair:2   | Killed a torpor snail
 14237 | Lair:2   | Noticed a four-headed hydra
 14241 | Lair:2   | Killed a four-headed hydra
 14242 | Lair:2   | Reached XP level 11. HP: 55/55 MP: 12/12
 14660 | Lair:3   | Noticed a catoblepas
 15367 | Lair:4   | Noticed a catoblepas
 15373 | Lair:4   | Killed a catoblepas
 16132 | Lair:4   | Identified the +2 cloak of the Sun {rN+ Str-5 Int+4}
 16224 | Lair:4   | Noticed a catoblepas
 16579 | Lair:5   | Noticed a lindwurm
 16597 | Lair:5   | Killed a lindwurm
 16854 | Lair:5   | Noticed Rupert
 16899 | Lair:5   | Found a frozen archway.
 17185 | Lair:5   | Noticed an eight-headed hydra
 17192 | Lair:5   | Killed an eight-headed hydra
 17193 | Lair:5   | Gained mutation: Your thick and shaggy fur keeps you warm.
                  | (AC +3, rC+) [Felid growth]
 17193 | Lair:5   | Reached XP level 12. HP: 61/61 MP: 13/13
 17562 | Lair:6   | Entered Level 6 of the Lair of Beasts
 17562 | Lair:6   | Noticed a four-headed hydra
 17566 | Lair:6   | Killed a four-headed hydra
 17869 | Lair:6   | Noticed a four-headed hydra
 17888 | Lair:6   | Slain by a four-headed hydra
 17889 | Lair:6   | Reached XP level 11. HP: -4/57 MP: 12/12
 17960 | Lair:6   | Noticed a seven-headed hydra
 18108 | Lair:6   | Killed a seven-headed hydra
 19045 | Lair:6   | Reached XP level 12. HP: 60/63 MP: 13/13
 19185 | Lair:6   | Found a burning altar of Makhleb.
 19322 | Lair:6   | Killed a four-headed hydra
 19514 | Lair:6   | Noticed a seven-headed hydra
 19528 | Lair:6   | Killed a seven-headed hydra
 19694 | Lair:6   | Found a staircase to the Slime Pits.
 19695 | Lair:6   | Found a viscous altar of Jiyva.
 19999 | Lair:6   | Noticed a four-headed hydra
 19999 | Lair:6   | Noticed a five-headed hydra
 20009 | Lair:6   | Killed a five-headed hydra
 20021 | Lair:6   | Killed a four-headed hydra
 20235 | Lair:6   | Noticed a six-headed hydra
 20242 | Lair:6   | Killed a six-headed hydra
 20572 | Lair:6   | Found a gateway to Hell.
 20579 | Lair:6   | Identified the +8 lajatang of Tirhyj {freeze, rC+ rCorr
                  | Dex-2 SInv}
 20937 | D:11     | Noticed Fannar
 20943 | D:11     | Killed Fannar
 20976 | D:11     | Noticed a frost giant
 21061 | D:11     | Noticed a centaur warrior
 21063 | D:11     | Noticed a stone giant
 21065 | D:11     | Killed a centaur warrior
 21076 | D:11     | Killed a stone giant
 21189 | D:11     | Killed a frost giant
 21190 | D:11     | Reached XP level 13. HP: 67/67 MP: 14/14
 21229 | D:11     | Noticed an orc warlord
 21243 | D:11     | Killed an orc warlord
 23224 | Orc:1    | Entered Level 1 of the Orcish Mines
 23870 | Orc:2    | Entered Level 2 of the Orcish Mines
 24323 | Orc:2    | Noticed an orc warlord
 24607 | Orc:2    | Killed an orc warlord
 24644 | Orc:2    | Found a staircase to the Elven Halls.
 24988 | Orc:2    | HP: 1/67 [orc priest/divine providence (13)]
 25563 | Orc:2    | Reached skill level 15 in Dodging
 25563 | Orc:2    | Reached XP level 14. HP: 72/72 MP: 15/15
 25756 | Orc:2    | Found Jumavose's Assorted Antiques.
 25756 | Orc:2    | Found Hesmipaz's Antique Weapon Shop.
 25758 | Orc:2    | Found Qivia's Book Shoppe.
 25758 | Orc:2    | Found Yddef's Antique Weapon Shop.
 25775 | Orc:2    | Bought 3 scrolls of teleportation for 225 gold pieces
 25775 | Orc:2    | Bought a wand of iceblast (10) for 100 gold pieces
 25775 | Orc:2    | Bought a glowing black potion for 22 gold pieces
 26947 | D:14     | Reached skill level 15 in Unarmed Combat
 27368 | D:14     | Found a gate to the Vaults.
 27392 | D:14     | HP: 1/72 [+5 long sword (16)]
 27393 | D:14     | Slain by a +5 long sword
 27394 | D:14     | Reached XP level 13. HP: -4/67 MP: 14/14
 27394 | D:14     | Found a runed translucent door.
 27405 | D:14     | Found a runed translucent door.
 27419 | D:14     | Found a runed translucent door.
 27438 | D:14     | Found a runed translucent door.
 28069 | D:15     | Entered Level 15 of the Dungeon
 30041 | D:15     | Found a staircase to the Depths.
 30041 | D:15     | Noticed a frost giant
 30043 | D:15     | Killed a frost giant
 30044 | D:15     | Reached skill level 10 in Evocations
 30456 | Lair:3   | Found a staircase to the Shoals.
 30464 | Shoals:1 | Entered Level 1 of the Shoals
 30469 | Shoals:1 | Reached XP level 14. HP: 72/72 MP: 15/15
 30479 | Shoals:1 | Found Soozaho's Superlative Supplies.
 30574 | Shoals:1 | HP: 3/72 [harpy (8)]
 30575 | Shoals:1 | Mangled by a harpy

Illustrated notes

Levels and vault maps discovered:
D:1:      lordsloth_arrival_two_stooges, layout_loops_ring,
          minmay_misc_feat_nine_boxes, minmay_split_cup_small
D:2:      layout_rooms, uniq_jessica, uniq_crazy_yiuf_cottage, uniq_sigmund
D:3:      layout_loops_ring, ashenzari_conservatory_becter
D:4:      layout_loops_ring, kennysheep_little_box, supply_closet_lemuel,
          nicolae_underground_beach
D:5:      layout_basic, mainiacjoe_overflow_boulevard,
          minmay_temple_entry_crystal_x, kennysheep_another_room,
          minmay_hollow_rounded_squares
D:6:      layout_loops_ring
D:7:      layout_basic, nicolae_hepliaklqana_hippocampus, fedhas_altar_1,
          dk_rats_in_the_wall
D:8:      layout_basic, mainiacjoe_overflow_24_doors, bloody_makhleb,
          david_lair_shrubbed
D:9:      layout_roguey [special_room_bee], doesnt_xom_only_xom,
          overflow_temple_1_default, mainiacjoe_overflow_six_doors_small,
          serial_shops, nicolae_take_the_stairs, serial_glass, glass_columns_a,
          glass_columns_a, glass_columns_a, kennysheep_generic_room_4
D:10:     layout_rooms, lemuel_crystal_altar, orc_0_dummy, uniq_psyche
D:11:     minmay_chopped_fan, layout_irregular_city, uniq_fannar
D:12:     layout_rooms, st_stairs_10, dk_noncrumbling_3
D:13:     layout_cave_pods
D:14:     layout_basic, erik_vaults_1, minmay_statue_crystal_thing
D:15:     grunt_enter_depths_snipers, layout_irregular_city, chequers_garden,
          minivault_25, minmay_strange_pillars
Temple:   jpeg_temple_clearing
Lair:1:   beast_lair_carwin_large_1, layout_gridlike,
          chequers_serial_rivers_micro_d, chequers_serial_rivers_micro_d
Lair:2:   layout_regular_city, nicolae_spider_entry_orb_guardian,
          gauntlet_entry_generic, kennysheep_rathole
Lair:3:   layout_layer_cave, minmay_shoals_entry_hut
Lair:4:   layout_cave_pods, chequers_serial_rivers_room_b,
          nicolae_lair_yak_garden
Lair:5:   layout_cave_shapes, portal_ice_cave_entry_imps, uniq_rupert
Lair:6:   evil_forest, layout_regular_city, slime_altar_1,
          grunt_forest_small_clearing_treed
Shoals:1: cheibrodos_shoals_roost, layout_shoals, nicolae_alphabet_shops,
          uniq_frances
Orc:1:    layout_caves, basic_altar
Orc:2:    grunt_orc_tribal_feast, layout_diamond_mine

Skill      XL: |  1  2  3  4  5  6  7  8  9 10 11 12 13 14 |
---------------+-------------------------------------------+-----
Stealth        | 1 2 4 5 10 13 12 | 13.6
Unarmed Combat | 4 5 6 7 11 10 13 14 15 | 15.5
Fighting       | 4 5 6 8 11 13 14 | 14.1
Evocations     | 1 3 5 7 8 10 | 10.1
Dodging        | 5 7 9 10 12 13 15 | 15.0

Action                   |  1- 3 |  4- 6 |  7- 9 | 10-12 | 13-15 || total
-------------------------+-------+-------+-------+-------+-------++-------
Melee: Unarmed           |    91 |    92 |   262 |   652 |   536 ||  1633
       Bite              |    11 |    11 |    39 |    82 |    76 ||   219
       Punch             |       |     2 |    15 |    47 |    46 ||   110
Invok: Berserk           |     3 |     9 |    18 |    60 |    45 ||   135
       Trog's Hand       |       |       |     2 |    15 |     8 ||    25
       Brothers in Arms  |       |       |       |    14 |    12 ||    26
Evoke: Wand              |       |     1 |     9 |    49 |    20 ||    79
       Box of beasts     |       |       |       |       |     1 ||     1
  Use: Scroll            |       |     9 |     7 |     6 |     8 ||    30
       Potion            |       |       |       |     1 |       ||     1
 Stab: Sleeping          |     4 |     6 |     5 |    23 |    14 ||    52
       Paralysed         |       |       |     1 |     1 |     1 ||     3
       Distracted        |       |       |     1 |     4 |     3 ||     8
Armor: Skin              |     4 |     1 |    15 |    26 |     8 ||    54
Dodge: Dodged            |    73 |    58 |   166 |   620 |   470 ||  1387

Table legend: (Time is in decaauts)
 A = Elapsed time spent in this place.
 B = Non-inter-level travel time spent in this place.
 C = Inter-level travel time spent in this place.
 D = Time resting spent in this place.
 E = Time spent auto-exploring this place.
 F = Levels seen in this place.
 G = Mean time per level.
                   A        B        C        D        E       F      G
               +--------+--------+--------+--------+--------+-----+--------+
         Total |  28458 |  27422 |   1036 |  11196 |  11483 |  25 | 1138.3 |
       Dungeon |  16796 |  16282 |    514 |   5834 |   7965 |  15 | 1119.7 |
        Temple |     56 |     56 |      0 |     54 |      0 |   1 |   56.0 |
          Lair |   8941 |   8491 |    450 |   3825 |   3068 |   6 | 1490.2 |
        Shoals |    105 |    105 |      0 |     39 |      0 |   1 |  105.0 |
  Orcish Mines |   2558 |   2486 |     72 |   1441 |    450 |   2 | 1279.0 |
               +--------+--------+--------+--------+--------+-----+--------+

Top non-repeatable levels by time:
  Lair:6: 2288 daAuts
  Lair:5: 1796 daAuts
    D:14: 1635 daAuts
     D:5: 1625 daAuts
  Lair:2: 1582 daAuts
    D:15: 1564 daAuts
    D:11: 1428 daAuts
   Orc:1: 1374 daAuts
     D:7: 1343 daAuts
     D:9: 1313 daAuts
  Lair:1: 1283 daAuts
   Orc:2: 1183 daAuts
     D:4: 1178 daAuts
     D:1: 1126 daAuts
  Lair:3: 1050 daAuts
